 Dungeon Crawl Stone Soup version 0.25-a0-942-g87a53962fc (webtiles) character file.

Game seed: 17273003951061733822, levelgen mode: deterministic

998 kae the Chiller (level 8, -1/52 HPs)
             Began as a Merfolk Ice Elementalist on May 6, 2020.
             Slain by a wraith (10 damage)
             ... in an ossuary.
             The game lasted 00:08:33 (6667 turns).

kae the Chiller (Merfolk Ice Elementalist)          Turns: 6667, Time: 00:08:34

Health: -1/52      AC:  8    Str: 11    XL:     8   Next: 19%
Magic:  10/14      EV: 13    Int: 14    God:
Gold:   271        SH:  8    Dex: 14    Spells: 8/15 levels left

rFire    . . .     SeeInvis +   d - +2 spear
rCold    . . .     Gourm    .   e - +3 buckler
rNeg     . . .     Faith    .   a - +0 robe
rPois    .         Spirit   .   (no helmet)
rElec    .         Reflect  .   (no cloak)
rCorr    .         Harm     .   (no gloves)
MR       .....     Clarity  +   (no boots)
Stlth    +++.......             (no amulet)
HPRegen  0.17/turn              k - ring of stealth
MPRegen  0.14/turn              j - ring of see invisible

@: icy armour, slowed, very slow
A: change form in water, swift swim, stealthy swim, clarity, mutation resistance
1
a: no special abilities


You were in an ossuary.
You were not hungry.

You visited 1 branch of the dungeon, and saw 6 of its levels.
You also visited: Sewer and Ossuary.

You collected 319 gold pieces.
You spent 48 gold pieces at shops.

Inventory:

Hand Weapons
 d - a +2 spear (weapon)
Armour
 a - a +0 robe (worn)
 e - a +3 buckler (worn)
Jewellery
 j - a ring of see invisible (right hand)
 k - a ring of stealth (left hand)
 l - an uncursed ring of resist corrosion
Wands
 u - a wand of flame (15)
 w - a wand of iceblast (5)
Scrolls
 h - a scroll of remove curse
 i - a scroll of fear
 m - 3 scrolls of blinking
 n - 4 scrolls of teleportation
 o - a scroll of amnesia
 s - 2 scrolls of identify
 t - a scroll of enchant weapon
Potions
 b - 3 potions of flight
 f - a potion of haste
 p - a potion of curing
 q - a potion of cancellation
 r - a potion of mutation
 v - a potion of magic
 x - a potion of stabbing
 z - a potion of brilliance
Comestibles
 c - 11 rations


   Skills:
 + Level 5.7 Polearms
 - Level 2.6 Dodging
 - Level 2.1 Stealth
 + Level 3.4 Shields
 + Level 4.2 Spellcasting
 * Level 7.9 Ice Magic


You had 8 spell levels left.
You knew the following spells:

 Your Spells              Type           Power        Failure   Level  Hunger
a - Freeze                Ice            ####         1%          1    None
b - Frozen Ramparts       Ice            ####..       2%          3    ###....
c - Ozocubu's Armour      Chrm/Ice       ##......     12%         3    ###....

Your spell library contained the following spells:

 Spells                   Type           Power        Failure   Level  Hunger
 Hailstorm                Conj/Ice       ##......     36%         4    ####...
 Summon Ice Beast         Ice/Summ       ##......     36%         4    ####...


Dungeon Overview and Level Annotations

Branches:
Dungeon (6/15)              Sewer (visited)         Ossuary (1/1)
 Temple: D:4-7

Altars:
Yredelemnul

Shops:
D:4 ?   D:6 :


Innate Abilities, Weirdness & Mutations

You revert to your normal form in water.
You are very nimble and swift while swimming.
You are very stealthy in the water. (Stealth+)
You possess an exceptional clarity of mind.
You are somewhat resistant to further mutation.


Message History

The wraith hits you.
You closely miss the wraith.
The wraith is almost destroyed.
You block the wraith's attack.
You hit the wraith but do no damage.
The wraith is almost destroyed.
The wraith hits you but does no damage.
You closely miss the wraith.
The wraith is almost destroyed.
The wraith hits you!
* * * LOW HITPOINT WARNING * * *
You hit the wraith but do no damage.
The wraith is almost destroyed.
You block the wraith's attack.
You closely miss the wraith.
The wraith is almost destroyed.
The wraith hits you.
* * * LOW HITPOINT WARNING * * *
The wraith hits you!
You die...

#########################
........................#
∩.....................∩.#
......#####'#####.......#
.....##.........##......#
....##...#####...##.....#
...##...##...##...##....#
...#...##.!??.##...#....#
...+...#...?!..W@..+....#
...#...##.!?..##...#....#
...##...##...##...##....#
....##...#####...##.....#
.....##.........##......#
......#####+#####.......#
∩.....................∩.#
........................#
##########'''############


You could see a wraith.

Vanquished Creatures
  An ogre (D:4)
  2 bullfrogs (D:6)
  Blork the orc (D:4)
  A centaur zombie (D:6)
  3 howler monkeys
  A jelly (D:5)
  A centaur skeleton (D:4)
  A hound (D:5)
  2 orc wizards
  An iguana (D:4)
  4 worker ants
  3 hound skeletons
  A mummy (Ossuary)
  12 adders
  2 adder skeletons
  A worm (D:2)
  11 leopard geckos
  10 orcs
  8 giant cockroaches
  7 goblins
  10 hobgoblins
  8 jackals
  9 kobolds
  A quokka (D:2)
  3 ball pythons
  9 bats
  7 frilled lizards
  11 gnoll skeletons (Ossuary)
  A jackal zombie (D:5)
  3 kobold skeletons (Ossuary)
  A leopard gecko skeleton (D:4)
  11 orc skeletons (Ossuary)
  7 rats
154 creatures vanquished.

Notes
Turn   | Place    | Note
-------+----------+-------------------------------------------
     0 | D:1      | kae the Merfolk Ice Elementalist began the quest for the
                  | Orb.
     0 | D:1      | Reached XP level 1. HP: 13/13 MP: 3/3
   266 | D:1      | Reached XP level 2. HP: 19/19 MP: 3/5
   271 | D:1      | Reached skill level 1 in Polearms
   772 | D:2      | Reached skill level 5 in Ice Magic
   772 | D:2      | Reached XP level 3. HP: 24/24 MP: 4/6
  1369 | D:2      | Reached XP level 4. HP: 29/30 MP: 3/7
  1850 | D:3      | Found a glowing drain.
  1903 | Sewer    | Entered a sewer
  2139 | Sewer    | Noticed Purgy
  2167 | Sewer    | Gained mutation: You are somewhat resistant to further
                  | mutation. [potion of mutation]
  2167 | Sewer    | Gained mutation: You possess an exceptional clarity of
                  | mind. [potion of mutation]
  2443 | D:3      | Reached XP level 5. HP: 32/35 MP: 4/9
  2512 | D:3      | Reached skill level 1 in Shields
  3061 | D:4      | Reached skill level 6 in Ice Magic
  3167 | D:4      | Noticed Blork the orc
  3187 | D:3      | Learned a level 3 spell: Frozen Ramparts
  3257 | D:4      | Found Fodegrap's Magic Scroll Boutique.
  3273 | D:4      | Reached XP level 6. HP: 35/41 MP: 5/10
  3460 | D:4      | Bought a scroll of identify for 24 gold pieces
  3460 | D:4      | Bought a scroll of identify for 24 gold pieces
  3501 | D:4      | Killed Blork the orc
  4267 | D:4      | Found a basalt altar of Yredelemnul.
  4311 | D:4      | Reached XP level 7. HP: 34/46 MP: 6/12
  4325 | D:4      | Reached skill level 7 in Ice Magic
  4559 | D:5      | Entered Level 5 of the Dungeon
  4717 | D:5      | Found the +11 plutonium sword {*Contam Stlth-}
  4955 | D:5      | Reached skill level 5 in Polearms
  5392 | D:6      | Reached XP level 8. HP: 44/52 MP: 7/14
  5471 | D:6      | Found Puppujul's Book Emporium.
  6052 | D:6      | Found a sand-covered staircase.
  6063 | Ossuary  | Entered an ossuary
  6063 | Ossuary  | Noticed a wraith
  6063 | Ossuary  | Noticed a wraith
  6063 | Ossuary  | Noticed a wraith
  6612 | Ossuary  | Noticed a wraith
  6636 | Ossuary  | Learned a level 3 spell: Ozocubu's Armour
  6667 | Ossuary  | Slain by a wraith

Levels and vault maps discovered:
D:1:      scummos_arrival_forest, layout_basic, minmay_split_cup_large
D:2:      layout_basic
D:3:      layout_rooms, gup_sewer_entry_pipe, first_ration,
          kennysheep_generic_room_15
D:4:      layout_rooms, lemuel_coloured_pillars_altar, serial_shops, shop_coins,
          minmay_cupped, uniq_blork_the_orc
D:5:      layout_loops_cross
D:6:      layout_loops_corners, minmay_temple_entry_statues_fountains,
          serial_shops, nicolae_shop_temple_entry_statues_fountains,
          chequers_ossuary_entry_cave
Ossuary:  ossuary_due_mausoleum

Skill      XL: |  1  2  3  4  5  6  7 |
---------------+----------------------+-----
Polearms       | 1 2 3 4 5 |  5.7
Ice Magic      | 5 6 7 |  7.9
Shields        | 1 2 3 |  3.4
Spellcasting   | 3 4 |  4.2
Dodging        | |  2.6
Stealth        | |  2.1

Action                   |  1- 3 |  4- 6 |  7- 9 || total
-------------------------+-------+-------+-------++-------
Melee: Spear             |    53 |    75 |   159 ||   287
 Cast: Freeze            |    34 |    94 |    50 ||   178
       Frozen Ramparts   |       |       |     3 ||     3
       Ozocubu's Armour  |       |       |     1 ||     1
Evoke: Wand              |       |       |     6 ||     6
  Use: Scroll            |     5 |     2 |     9 ||    16
       Potion            |       |     4 |     1 ||     5
 Stab: Sleeping          |     9 |     7 |    11 ||    27
       Distracted        |       |       |     1 ||     1
  Eat: Chunk             |     2 |    10 |     5 ||    17
       Ration            |       |       |     1 ||     1
Armor: Robe              |     7 |     9 |     9 ||    25
Dodge: Dodged            |    32 |    63 |    56 ||   151
Block: Buckler           |       |    30 |    38 ||    68

Table legend:
 A = Non-vault XP
 B = Vault XP
 C = Vault XP percentage of total XP
 D = Non-vault monster count
 E = Vault monster count
 F = Vault count percentage of total count
                 A         B        C        D         E       F
            +---------+---------+-------+---------+---------+-------
      Total |    1224 |     202 |  14.2 |     106 |      48 |  31.2
            +---------+---------+-------+---------+---------+-------
        D:1 |      24 |       6 |  20.0 |      14 |       4 |  22.2
        D:2 |      67 |       0 |   0.0 |      26 |       0 |   0.0
        D:3 |     114 |      35 |  23.5 |      24 |      10 |  29.4
        D:4 |     453 |     109 |  19.4 |      13 |       3 |  18.8
        D:5 |     276 |       0 |   0.0 |      19 |       0 |   0.0
        D:6 |     290 |       0 |   0.0 |      10 |       0 |   0.0
      Sewer |       0 |       9 | 100.0 |       0 |       5 | 100.0
    Ossuary |       0 |      43 | 100.0 |       0 |      26 | 100.0
            +---------+---------+-------+---------+---------+-------
